Get step-by-step instructions on how to execute this build order below. Start the game timer, and the build order will tick by so you can play in parallel with StarCraft on a second screen or mobile device.

Game Time

  0:00

Last Step

  N/A

Next Step

Upcoming Step



Don't want to look back and forth between 2 screens? Try out our Overwolf App, the Spawning Tool Build Advisor to get an in-game overlay with this build!

Complete Build Order

  1  0:00  Probe  
  12  0:06  Probe  
  14  0:18  Pylon  
  14  0:22  Probe  
  15  0:39  Gateway  
  15  0:40  Probe  
  16  0:46  Assimilator  
  16  0:52  Probe  
  17  1:02  Probe  
  17  1:03  Assimilator  
  17  1:10  Probe  
  19  1:19  Probe, Gateway  
  20  1:31  Cybernetics Core  
  20  1:37  Probe  
  21  1:43  Pylon  
  21  1:49  Probe  
  22  2:01  Warp Gate  
  22  2:10  Stargate  
  22  2:18  Probe  
  22  2:22  Stalker  
  25  2:30  Probe  
  25  2:32  Stalker  
  28  2:57  Pylon  
  28  3:02  Shield Battery  
  28  3:12  Nexus  
  28  3:19  Pylon  
  27  3:36  Phoenix  
  27  3:37  Probe  
  30  3:45  Probe  
  30  3:55  Probe  
  31  3:56  Phoenix, Assimilator  
  34  4:15  Probe  
  34  4:16  Phoenix  
  35  4:21  Probe  
  37  4:27  Probe  
  37  4:29  Probe  
  40  4:39  Probe x2  
  40  4:41  Phoenix  
  44  4:47  Stargate  
  44  4:51  Probe x2  
  46  4:57  Stalker  
  46  4:58  Sentry  
  50  5:03  Probe  
  50  5:06  Probe, Assimilator  
  52  5:09  Phoenix  
  54  5:28  Pylon x2  
  54  5:45  Probe  
  55  5:51  Phoenix  
  55  5:57  Phoenix, Probe  
  58  6:01  Stalker  
  58  6:02  Stalker  
  64  6:07  Protoss Air Weapons Level 1  
  64  6:09  Probe x2, Shield Battery  
  66  6:16  Phoenix  
  68  6:21  Probe x2  
  70  6:30  Robotics Facility  
  70  6:33  Pylon  
  70  6:40  Pylon  
  70  6:51  Probe x2  
  70  7:12  Phoenix  
  70  7:13  Phoenix  
  72  7:20  Probe  
  73  7:30  Stalker x2  
  73  7:33  Nexus  
  77  7:37  Phoenix  
  79  7:44  Pylon  
  79  7:46  Pylon  
  79  7:56  Immortal  
  79  7:58  Assimilator  
  79  8:02  Phoenix  
  85  8:20  Gateway x2  
  85  8:22  Forge  
  85  8:27  Phoenix, Twilight Council  
  85  8:31  Immortal  
  85  8:32  Shield Battery  
  85  8:33  Shield Battery  
  87  8:38  Pylon x2  
  91  9:00  Probe  
  89  9:05  Immortal  
  89  9:08  Probe  
  89  9:18  Probe  
  80  9:30  Probe  
  75  9:33  Stalker x2  
  62  10:05  Stalker x2  
  64  10:09  Blink  
  64  10:10  Protoss Ground Weapons Level 1  
  64  10:14  Pylon  
  64  10:15  Pylon  
  64  10:17  Probe  
  64  10:18  Fleet Beacon  
  65  10:25  Probe  
  65  10:30  Probe  
  65  10:33  Probe  
  65  10:34  Probe  
  68  10:37  Phoenix  
  68  10:38  Phoenix  
  68  10:41  Probe, Immortal  
  73  10:43  Probe  
  73  10:46  Probe  
  73  10:49  Probe  
  76  10:55  Probe  
  82  10:57  Templar Archives  
  82  10:58  Probe x2  
  82  11:02  Phoenix  
  82  11:03  Phoenix  
  88  11:07  Probe  
  88  11:10  Probe x2  
  91  11:19  Probe  
  91  11:21  Immortal  
  96  11:25  Gateway  
  96  11:27  Phoenix, Probe  
  96  11:28  Gateway  
  96  11:30  Assimilator, Gateway  
  96  11:31  Pylon  
  96  11:32  Stargate  
  99  11:34  Stargate  
  99  11:39  Probe  
  100  11:41  Protoss Air Armor Level 1  
  100  11:44  Nexus  
  100  11:47  Pylon x2  
  100  11:49  Pylon  
  100  11:50  Pylon  
  100  11:53  Carrier  
  106  12:03  Protoss Ground Armor Level 1  
  106  12:10  Shield Battery  
  106  12:11  Shield Battery  
  106  12:20  Shield Battery  
  106  12:23  Photon Cannon, Shield Battery  
  106  12:26  Photon Cannon  
  106  12:28  Stalker x3  
  106  12:29  Stalker  
  114  12:30  Photon Cannon  
  114  12:33  Immortal  
  118  12:43  Assimilator  
  118  12:47  Assimilator  
  118  13:06  Stalker x2  
  122  13:35  Charge  
  122  13:38  Carrier  
  122  13:39  Carrier x3  
  122  13:40  Probe  
  146  13:48  Probe, Protoss Ground Weapons Level 2, Sentry x2  
  149  13:50  Zealot x2  
  149  13:51  Graviton Catapult  
  156  13:57  Probe  
  157  14:08  Probe  
  157  14:14  Pylon  
  157  14:15  Pylon  
  158  14:18  Probe  
  159  14:28  Probe  
  159  14:30  Probe  
  161  14:41  Probe  
  162  14:49  Warp Prism, Nexus  
  162  14:52  Pylon, Anion Pulse-Crystals, Zealot x2  
  166  14:53  Zealot  
  166  14:54  Pylon  
  170  15:04  Carrier x4  
  194  15:53  Protoss Air Armor Level 2  
  194  15:54  Shield Battery  
  194  15:56  Shield Battery  
  194  15:58  Shield Battery  
  194  16:01  Photon Cannon  
  194  16:03  Photon Cannon  
  194  16:06  Photon Cannon  
  194  16:09  Assimilator  
  194  16:13  Assimilator  
  194  16:15  Protoss Shields Level 1  
  194  16:30  Carrier  
  200  17:56  Pylon  
  200  17:58  Pylon  
  200  17:59  Pylon  
  200  18:05  Gateway  
  200  18:09  Gateway